[Event "January 9 Late 2024"]
[Site "https://www.chess.com"]
[Date "2024.01.10"]
[Round "4"]
[White "Hoeffer, David"]
[Black "Zavgorodniy, Sergiy"]
[Result "1-0"]
[Board "124"]
[TimeControl "180+1"]
[WhiteFideId "24606766"]
[BlackFideId "14110148"]
[WhiteElo "2436"]
[BlackElo "2621"]
[WhiteTeam "GER"]
[BlackTeam "UKR"]
[WhiteClock "0:00:11"]
[BlackClock "0:00:13"]

1. e4 c5 2. Nf3 Nc6 3. Bb5 Nd4 4. Bc4 e6 5. c3 Nxf3+ 6. Qxf3 a6 7. a4 Rb8 8. O-O b5 9. axb5 axb5 10. Bb3 Ne7 11. d4 c4 12. Bc2 d5 13. Qg3 Rb7 14. Re1 Bd7 15. Bf4 Bc6 16. f3 Ng6 17. exd5 Bxd5 18. Nd2 Be7 19. Ne4 Rd7 20. Bg5 f6 21. Bd2 f5 22. Ng5 f4 23. Bxf4 Nxf4 24. Nxh7 g5 25. Ra6 Kf7 26. Qg4 Kg7 27. g3 Nd3 28. Bxd3 cxd3 29. Nxg5 Bxg5 30. f4 d2 31. Rd1 Bc4 32. Rxd2 b4 33. Rc6 bxc3 34. bxc3 Bd5 35. Rc5 Ra7 36. fxg5 Ra1+ 37. Rd1 Rxd1+ 38. Qxd1 Qxg5 39. Qe1 Qg4 40. Qe5+ Kg6 41. Qxh8 Qd1+ 42. Kf2 Qf3+ 43. Ke1 Qe3+ 44. Kf1 Qc1+ 45. Kf2 Qd2+ 46. Kf1 Qd1+ 47. Kf2 Qf3+ 48. Ke1 Qe3+ 49. Kf1 Qd3+ 50. Kf2 Qd2+ 51. Kf1 Bg2+ 52. Kg1 Bd5 53. Qg8+ Kf6 54. Qf8+ Kg6 55. Qg8+ Kf6 56. Qd8+ Kf5 57. Rxd5+ exd5 58. Qxd5+ Kf6 59. Qf3+ Kg6 60. Qf2 Qxc3 61. Kg2 Qd3 62. h4 Qe4+ 63. Kh2 Qd3 64. Qg2 Qxd4 65. g4 Qf4+ 66. Qg3 Qd2+ 67. Kh3 Qe2 68. Qg2 Qe3+ 69. Kh2 Qf4+ 70. Qg3 Qd2+ 71. Kh3 Qe2 72. h5+ Kg5 73. Qh4+ Kf4 74. g5+ Kf5 75. g6 Qf1+ 76. Kh2 Qe2+ 77. Kg3 Qe1+ 78. Kh3 Qf1+ 79. Kh2 Qe2+ 80. Kg1 Qd1+ 81. Kg2 Qd5+ 82. Kf1 Qd1+ 83. Kf2 Qd3 84. Qh3+ Kg5 85. Qxd3 Kxh5 86. Qg3 Kh6 87. g7 Kh7 88. g8=Q+ Kh6 89. Qh8# 1-0

[Event "January 9 Late 2024"]
[Site "https://www.chess.com"]
[Date "2024.01.09"]
[Round "4"]
[White "Buchenau, Frank"]
[Black "Domalchuk-Jonasson, Aleksandr"]
[Result "1-0"]
[Board "125"]
[TimeControl "180+1"]
[WhiteFideId "4604350"]
[BlackFideId "14142805"]
[WhiteElo "2412"]
[BlackElo "2618"]
[WhiteTeam "GER"]
[BlackTeam "ISL"]
[WhiteClock "0:00:54"]
[BlackClock "0:01:29"]

1. e4 a6 2. d4 c6 3. c4 d5 4. Nc3 dxe4 5. Nxe4 Nf6 6. Nxf6+ gxf6 7. Be3 Qa5+ 8. Qd2 Qxd2+ 9. Kxd2 f5 10. Ne2 e6 11. Nf4 Bb4+ 12. Kc2 Nd7 13. a3 Bd6 14. Be2 a5 15. Rad1 Ke7 16. c5 Bc7 17. Nh5 Rg8 18. h4 Rxg2 19. Rhg1 Rh2 20. Rg7 Rxh4 21. Bg5+ Ke8 22. Rg8+ Nf8 23. Nf6+ Ke7 24. Nd5+ Kd7 25. Nf6+ Ke7 26. Bxh4 Ng6 27. Re8# 1-0

[Event "January 9 Late 2024"]
[Site "https://www.chess.com"]
[Date "2024.01.09"]
[Round "4"]
[White "Carvajal Gorgona, Jonathan"]
[Black "Mokshanov, Alexey"]
[Result "0-1"]
[Board "126"]
[TimeControl "180+1"]
[WhiteFideId "6500625"]
[BlackFideId "24121657"]
[WhiteElo "2364"]
[BlackElo "2614"]
[WhiteTeam "CRC"]
[BlackTeam "RUS"]
[WhiteClock "0:00:33"]
[BlackClock "0:01:09"]

1. e4 e6 2. d4 d5 3. exd5 exd5 4. Nf3 h6 5. Bd3 Qf6 6. Be3 Bd6 7. Nbd2 Ne7 8. c3 c6 9. Qc2 Bf5 10. O-O-O Nd7 11. Nf1 O-O-O 12. Ng3 Bxd3 13. Qxd3 Qg6 14. Qxg6 fxg6 15. Rde1 Rde8 16. Ne5 Bxe5 17. dxe5 Nxe5 18. Kc2 Nd7 19. Bxa7 b6 20. Re6 Nf5 21. Rxc6+ Kb7 22. Rxg6 Nxg3 23. Rxg3 g5 24. Bxb6 Nxb6 25. Kd3 Rhf8 26. f3 Nc4 27. h4 Nxb2+ 28. Kd4 Kc6 29. hxg5 Rf4# 0-1

[Event "January 9 Late 2024"]
[Site "https://www.chess.com"]
[Date "2024.01.09"]
[Round "4"]
[White "Carlsen, Magnus"]
[Black "Krzywda, Andrzej"]
[Result "1-0"]
[Board "127"]
[TimeControl "180+1"]
[WhiteFideId "1503014"]
[BlackFideId "1114565"]
[WhiteElo "3359"]
[BlackElo "2408"]
[WhiteTeam "NOR"]
[BlackTeam "POL"]
[WhiteClock "0:01:51"]
[BlackClock "0:00:13"]

1. e4 e5 2. f4 d5 3. Nf3 dxe4 4. Nxe5 Bd6 5. d4 Nf6 6. Nc3 O-O 7. Bc4 c5 8. Be3 cxd4 9. Qxd4 Nc6 10. Nxc6 bxc6 11. O-O-O Be7 12. Qe5 Nd7 13. Qxe4 Bf6 14. Qxc6 Rb8 15. Bd4 Bxd4 16. Rxd4 Qe7 17. Qe4 Qc5 18. Rhd1 Nf6 19. Qe5 Qb6 20. Na4 Qb7 21. Bb3 Bg4 22. Nc5 Qb6 23. Rd6 Qb4 24. R1d4 Qa5 25. Nd7 Rfe8 26. Nxf6+ gxf6 27. Qxa5 1-0

[Event "January 9 Late 2024"]
[Site "https://www.chess.com"]
[Date "2024.01.09"]
[Round "4"]
[White "Lagarde, Maxime"]
[Black "Boraso, Alessio"]
[Result "1-0"]
[Board "128"]
[TimeControl "180+1"]
[WhiteFideId "662399"]
[BlackFideId "848077"]
[WhiteElo "2826"]
[BlackElo "2444"]
[WhiteTeam "FRA"]
[BlackTeam "ITA"]
[WhiteClock "0:01:17"]
[BlackClock "0:00:24"]

1. d4 d6 2. c4 Nf6 3. Nf3 g6 4. e3 Bg7 5. Be2 O-O 6. O-O Nc6 7. Nc3 e5 8. a3 Bf5 9. b4 Ne4 10. Bb2 exd4 11. Nxe4 Bxe4 12. Nxd4 Nxd4 13. Bxd4 Re8 14. Rc1 b6 15. f3 Bb7 16. e4 Qg5 17. Bf2 Be5 18. Kh1 f5 19. exf5 gxf5 20. c5 Qh5 21. f4 Qg6 22. Bf3 Bxf3 23. Qxf3 Bg7 24. cxd6 Qxd6 25. Rc6 Qd7 26. Rfc1 Rac8 27. g3 Kh8 28. Kg2 Re6 29. b5 Rxc6 30. bxc6 Qe6 31. Re1 Qd6 32. Rd1 Qe6 33. Rd7 a5 34. a4 Qa2 35. Qd5 Qxa4 36. Rd8+ 1-0

[Event "January 9 Late 2024"]
[Site "https://www.chess.com"]
[Date "2024.01.10"]
[Round "4"]
[White "Sroczynski, Maciej"]
[Black "Stopa, Jacek"]
[Result "0-1"]
[Board "129"]
[TimeControl "180+1"]
[WhiteFideId "1121472"]
[BlackFideId "1119591"]
[WhiteElo "2439"]
[BlackElo "2783"]
[WhiteTeam "POL"]
[BlackTeam "POL"]
[WhiteClock "0:00:16"]
[BlackClock "0:01:26"]

1. d4 Nf6 2. c4 e6 3. Nf3 Bb4+ 4. Nbd2 O-O 5. a3 Bxd2+ 6. Bxd2 b6 7. e3 Bb7 8. Bd3 Ne4 9. Qc2 f5 10. O-O d6 11. Bc3 Nd7 12. Nd2 Ndf6 13. f3 Nxc3 14. Qxc3 Qe7 15. b4 a5 16. b5 Rae8 17. e4 fxe4 18. Bxe4 Bxe4 19. Nxe4 Nxe4 20. fxe4 e5 21. d5 Qg5 22. Qd3 Rf4 23. g3 Ref8 24. Rxf4 exf4 25. Rf1 fxg3 26. Rxf8+ Kxf8 27. hxg3 Ke7 28. Kg2 h5 29. Kh3 Qg4+ 30. Kh2 Qg5 31. Kh3 a4 32. Qc2 Qg4+ 33. Kh2 h4 34. gxh4 Qxh4+ 35. Kg2 Qg4+ 36. Kh2 Qf4+ 37. Kg2 g5 38. Qxa4 Qxe4+ 39. Kg3 Qe3+ 40. Kg2 Qe2+ 41. Kg3 Qe3+ 42. Kg2 g4 43. Qc2 Qf3+ 44. Kh2 Qh3+ 45. Kg1 Qg3+ 46. Kh1 Qf3+ 47. Kg1 Kf6 48. a4 Ke5 49. a5 bxa5 50. c5 Qe3+ 51. Kg2 Qxc5 52. Qe2+ Kxd5 53. Qxg4 Qc2+ 54. Kf1 Qd3+ 55. Ke1 Qe4+ 0-1

[Event "January 9 Late 2024"]
[Site "https://www.chess.com"]
[Date "2024.01.09"]
[Round "4"]
[White "Blanco Diez, David"]
[Black "Kosteniuk, Alexandra"]
[Result "0-1"]
[Board "130"]
[TimeControl "180+1"]
[WhiteFideId "32032927"]
[BlackFideId "4128125"]
[WhiteElo "2436"]
[BlackElo "2725"]
[WhiteTeam "ESP"]
[BlackTeam "SUI"]
[WhiteClock "0:00:04"]
[BlackClock "0:00:50"]

1. e4 c6 2. c4 d5 3. cxd5 cxd5 4. exd5 Nf6 5. d4 Nxd5 6. Nc3 Nc6 7. Nf3 g6 8. Bc4 Be6 9. Bb3 Bg7 10. O-O O-O 11. Re1 Nxc3 12. bxc3 Bd5 13. Bb2 a5 14. Bxd5 Qxd5 15. Qb3 Qd7 16. c4 a4 17. Qe3 Rfe8 18. Rad1 Na5 19. Rc1 Rac8 20. Red1 Nxc4 21. Qe2 Nxb2 22. Qxb2 Qd5 23. Ne5 Rxc1 24. Rxc1 Rd8 25. h3 Qxd4 26. Qxd4 Rxd4 27. Rc8+ Bf8 28. Rc7 b5 29. Nd7 b4 30. Rb7 Kg7 31. Nc5 a3 32. Nb3 Rd1+ 33. Kh2 e6 34. Rc7 Bd6+ 0-1

[Event "January 9 Late 2024"]
[Site "https://www.chess.com"]
[Date "2024.01.10"]
[Round "4"]
[White "Goncalves, Samuel Jesus P"]
[Black "Dyachuk, Artem"]
[Result "0-1"]
[Board "131"]
[TimeControl "180+1"]
[WhiteFideId "1945130"]
[BlackFideId "34107924"]
[WhiteElo "2420"]
[BlackElo "2685"]
[WhiteTeam "POR"]
[BlackTeam "UKR"]
[WhiteClock "0:00:10"]
[BlackClock "0:01:54"]

1. Nf3 d5 2. g3 c6 3. Bg2 Bg4 4. O-O Nf6 5. c4 Nbd7 6. cxd5 cxd5 7. d4 e6 8. Nc3 Bd6 9. Qb3 Rb8 10. Nb5 Be7 11. Bf4 Rc8 12. Nxa7 Ra8 13. Qxb7 O-O 14. Nc6 Qe8 15. Nxe7+ Qxe7 16. Qc7 Rfc8 17. Qd6 Qxd6 18. Bxd6 Rc2 19. b4 Ne4 20. Bc5 Rxe2 21. a4 Rb2 22. a5 Ndxc5 23. bxc5 Bxf3 24. Bxf3 Nd2 25. Bg2 Nxf1 26. Bxf1 Kf8 27. a6 Ke7 28. a7 Rb7 0-1

[Event "January 9 Late 2024"]
[Site "https://www.chess.com"]
[Date "2024.01.09"]
[Round "4"]
[White "Munoz, Francisco Javier"]
[Black "Rubio Tent, Francisco"]
[Result "1-0"]
[Board "132"]
[TimeControl "180+1"]
[WhiteFideId "128368"]
[BlackFideId "2238233"]
[WhiteElo "2651"]
[BlackElo "2419"]
[WhiteTeam "ARG"]
[BlackTeam "ESP"]
[WhiteClock "0:01:06"]
[BlackClock "0:00:00"]

1. e4 c6 2. Nc3 d5 3. exd5 cxd5 4. d4 Nc6 5. Bf4 a6 6. Bd3 Nf6 7. Nge2 Bg4 8. f3 Bh5 9. g4 Bg6 10. h4 Bxd3 11. Qxd3 e6 12. h5 h6 13. O-O-O Bd6 14. Bxd6 Qxd6 15. Kb1 O-O-O 16. Nc1 e5 17. dxe5 Nxe5 18. Qf5+ Kb8 19. Nb3 Nc4 20. Rhe1 Rhe8 21. Qd3 Rxe1 22. Rxe1 Qg3 23. Re7 Qg1+ 24. Qd1 Qxd1+ 25. Nxd1 Re8 26. Rxf7 Re1 27. Kc1 Rf1 28. Nd2 Nxd2 29. Kxd2 Rxf3 30. Rxg7 Rg3 31. Rg6 Nxg4 32. Nf2 Rg2 33. Rxg4 Rxf2+ 34. Kd3 Rh2 35. Rg7 Rxh5 36. c3 Rh2 37. b4 Rxa2 38. Rh7 Rh2 39. Kd4 Ka7 40. Kxd5 Rh5+ 41. Kd6 Rh4 42. Kd5 Rh5+ 43. Kc4 Rh4+ 44. Kb3 Rh3 45. Kc4 Kb6 46. Rg7 Kc6 47. Rg6+ Kc7 48. Kd4 h5 49. c4 h4 50. Rh6 Rh1 51. Kc5 1-0

[Event "January 9 Late 2024"]
[Site "https://www.chess.com"]
[Date "2024.01.09"]
[Round "4"]
[White "Meduri, Aakaash"]
[Black "Hua, Lefong"]
[Result "0-1"]
[Board "133"]
[TimeControl "180+1"]
[WhiteFideId "2032252"]
[BlackFideId "2602253"]
[WhiteElo "2411"]
[BlackElo "2651"]
[WhiteTeam "USA"]
[BlackTeam "CAN"]
[WhiteClock "0:00:00"]
[BlackClock "0:00:57"]

1. Nf3 Nf6 2. c4 g6 3. g3 Bg7 4. Bg2 O-O 5. Nc3 c5 6. O-O Nc6 7. b3 d6 8. Bb2 a6 9. e3 Bg4 10. h3 Bxf3 11. Bxf3 Rb8 12. d4 cxd4 13. exd4 e5 14. Bxc6 bxc6 15. dxe5 dxe5 16. Na4 e4 17. Qc2 Qd7 18. Kg2 Qf5 19. Rae1 Rfe8 20. Qe2 h5 21. Qe3 Kh7 22. Qc5 Qf3+ 23. Kh2 h4 24. Qg5 Kg8 25. Qxh4 Qf5 26. g4 Qf4+ 27. Qg3 Qd2 28. g5 Nh5 29. Qe3 Rbd8 30. Bxg7 Nxg7 31. Re2 Qd6+ 32. Qg3 Qe7 33. f3 Nf5 34. Qf4 e3 35. Nc3 Kg7 36. Ne4 Rd4 37. Rfe1 Rh8 38. Kg2 Qe6 39. Qg4 Rh4 0-1

[Event "January 9 Late 2024"]
[Site "https://www.chess.com"]
[Date "2024.01.09"]
[Round "4"]
[White "Alvarado, Carlos"]
[Black "Barp, Alberto"]
[Result "1-0"]
[Board "134"]
[TimeControl "180+1"]
[WhiteFideId "3800555"]
[BlackFideId "872555"]
[WhiteElo "2408"]
[BlackElo "2643"]
[WhiteTeam "PER"]
[BlackTeam "ITA"]
[WhiteClock "0:00:15"]
[BlackClock "0:00:51"]

1. d4 Nf6 2. Nf3 g6 3. Bg5 Bg7 4. Nbd2 O-O 5. c3 d6 6. e4 Nc6 7. Bb5 Bd7 8. d5 Ne5 9. Bxd7 Nexd7 10. O-O h6 11. Bh4 c6 12. dxc6 bxc6 13. Re1 Qc7 14. h3 Nh5 15. Bxe7 Rfe8 16. Bh4 Nc5 17. Qc2 g5 18. Bg3 Nxg3 19. fxg3 Re7 20. Re2 Rae8 21. Rae1 d5 22. g4 dxe4 23. Nxe4 Ne6 24. Nf2 Nf4 25. Rxe7 Rxe7 26. Rxe7 Qxe7 27. Kf1 Qe6 28. b3 Nd5 29. Nd1 Bxc3 30. Qe2 Qd6 31. Qd3 Bf6 32. Ne3 Nxe3+ 33. Qxe3 Qd1+ 34. Qe1 Qc2 35. Qe2 Qb1+ 36. Kf2 Kg7 37. Ne1 Bd4+ 38. Kf3 Qc1 39. Nd3 Qb1 40. Ke4 c5 41. Kd5 a5 42. Nxc5 Bf6 43. Ne4 Ba1 44. Ng3 Qg6 45. Nf5+ Kh7 46. Qe7 Bf6 47. Qd6 h5 48. Kc6 hxg4 49. hxg4 Kg8 50. Kb5 Kh7 51. Kxa5 Bc3+ 52. Kb5 f6 53. Qe7+ Kh8 54. Qf8+ Kh7 55. b4 1-0

[Event "January 9 Late 2024"]
[Site "https://www.chess.com"]
[Date "2024.01.09"]
[Round "4"]
[White "Koziol, Kamil"]
[Black "Yurovskykh, Oleksandr"]
[Result "1-0"]
[Board "135"]
[TimeControl "180+1"]
[WhiteFideId "1161555"]
[BlackFideId "14134020"]
[WhiteElo "2405"]
[BlackElo "2640"]
[WhiteTeam "POL"]
[BlackTeam "UKR"]
[WhiteClock "0:00:02"]
[BlackClock "0:00:00"]

1. e4 e6 2. d4 d5 3. Nc3 dxe4 4. Nxe4 Bd7 5. Bd3 Bc6 6. c3 Nd7 7. Nf3 Ngf6 8. Qe2 Nxe4 9. Bxe4 Bxe4 10. Qxe4 c6 11. Bg5 Be7 12. Bxe7 Qxe7 13. O-O-O O-O-O 14. Rhe1 Nf6 15. Qc2 Rd5 16. Ne5 Rhd8 17. g4 g6 18. h3 Nd7 19. Nf3 Qf6 20. Qe4 h5 21. Rg1 hxg4 22. hxg4 c5 23. dxc5 Nxc5 24. Qe3 b6 25. Nd4 e5 26. Nf3 Rxd1+ 27. Rxd1 Rxd1+ 28. Kxd1 e4 29. Nd2 Qe6 30. b3 Qxg4+ 31. Kc2 f5 32. Qd4 Qh3 33. f3 exf3 34. Nc4 Qh7 35. Nd6+ Kc7 36. Nb5+ Kb7 37. Qd5+ Ka6 38. Nd6 Qd7 39. Qc4+ b5 40. Qd5 1-0

[Event "January 9 Late 2024"]
[Site "https://www.chess.com"]
[Date "2024.01.09"]
[Round "4"]
[White "Ozen, Metehan"]
[Black "Rama, Tejas"]
[Result "1-0"]
[Board "136"]
[TimeControl "180+1"]
[WhiteFideId "34596054"]
[BlackFideId "30907381"]
[WhiteElo "2404"]
[BlackElo "2638"]
[WhiteTeam "TUR"]
[BlackTeam "USA"]
[WhiteClock "0:00:18"]
[BlackClock "0:00:02"]

1. e4 e5 2. Nf3 Nc6 3. Bb5 a6 4. Ba4 Nf6 5. O-O b5 6. Bb3 Bc5 7. d3 d6 8. c3 h6 9. h3 O-O 10. a4 Rb8 11. Re1 Re8 12. Nbd2 Be6 13. Bc2 d5 14. Qe2 dxe4 15. dxe4 Qe7 16. axb5 axb5 17. b4 Bb6 18. Bd3 Na7 19. Nf1 Rbd8 20. Be3 c5 21. Bxb5 Rf8 22. Bd3 Nc8 23. Nxe5 Bxh3 24. Nc6 Qc7 25. Nxd8 Rxd8 26. gxh3 Ne7 27. Ra6 c4 28. Bxb6 cxd3 1-0

[Event "January 9 Late 2024"]
[Site "https://www.chess.com"]
[Date "2024.01.09"]
[Round "4"]
[White "Marchesich, Giovanni"]
[Black "Gubajdullin, Alexei"]
[Result "1-0"]
[Board "137"]
[TimeControl "180+1"]
[WhiteFideId "2824790"]
[BlackFideId "4141202"]
[WhiteElo "2400"]
[BlackElo "2635"]
[WhiteTeam "ITA"]
[BlackTeam "RUS"]
[WhiteClock "0:01:12"]
[BlackClock "0:00:27"]

1. d4 Nf6 2. Nc3 d5 3. Bf4 a6 4. e3 Nbd7 5. g4 e6 6. Bd3 Bd6 7. g5 Ng8 8. Nf3 Bxf4 9. exf4 Ne7 10. Ne5 Nxe5 11. fxe5 Nc6 12. Qg4 Nb4 13. O-O-O c5 14. Kb1 Qa5 15. dxc5 Qxc5 16. f4 g6 17. h4 Bd7 18. h5 Rf8 19. a3 Nxd3 20. Rxd3 b5 21. Rhd1 a5 22. Ne4 Qb6 23. Nf6+ Ke7 24. Rxd5 Rfd8 25. Rxd7+ Rxd7 26. Rxd7+ Kf8 27. hxg6 hxg6 28. Qh4 1-0

[Event "January 9 Late 2024"]
[Site "https://www.chess.com"]
[Date "2024.01.09"]
[Round "4"]
[White "Garakov, Mikhael"]
[Black "Avalos Parra, Joao"]
[Result "0-1"]
[Board "138"]
[TimeControl "180+1"]
[WhiteFideId "4169034"]
[BlackFideId "3402541"]
[WhiteElo "2634"]
[BlackElo "2392"]
[WhiteTeam "RUS"]
[BlackTeam "CHI"]
[WhiteClock "0:01:33"]
[BlackClock "0:01:39"]

1. e4 e5 2. Nf3 Nc6 3. Bb5 a6 4. Bxc6 dxc6 5. O-O Bd6 6. d4 exd4 7. Qxd4 f6 8. Rd1 Bg4 9. Nc3 Bxf3 10. gxf3 Ne7 11. Qc4 Qc8 12. Ne2 g5 13. Nd4 Qh3 14. Qf1 Qxh2# 0-1

[Event "January 9 Late 2024"]
[Site "https://www.chess.com"]
[Date "2024.01.09"]
[Round "4"]
[White "Skatchkov, Valery"]
[Black "Paragua, Megan Althea"]
[Result "0-1"]
[Board "139"]
[TimeControl "180+1"]
[WhiteFideId "24195812"]
[BlackFideId "30973007"]
[WhiteElo "2629"]
[BlackElo "2385"]
[WhiteTeam "RUS"]
[BlackTeam "USA"]
[WhiteClock "0:00:10"]
[BlackClock "0:00:08"]

1. d4 Nf6 2. c4 e6 3. Nf3 d5 4. g3 Be7 5. Bg2 O-O 6. Nc3 b6 7. O-O Bb7 8. cxd5 Nxd5 9. Re1 Nxc3 10. bxc3 Nd7 11. e4 h6 12. Be3 Bxe4 13. Qe2 Nf6 14. Rad1 Rc8 15. c4 Qe8 16. Bf4 Qa4 17. Be5 Bh7 18. Nd2 Rfd8 19. Bb7 Rb8 20. Bg2 Ne8 21. Qg4 Bf5 22. Qf3 Bc2 23. Rc1 Ba3 24. Rxc2 Qxc2 25. Qe3 Bb4 26. Re2 Qd1+ 27. Nf1 Bd6 28. Rd2 Qa4 29. Bxd6 Nxd6 30. Qf4 Nxc4 31. Re2 Na5 32. Re4 Qxa2 33. Qh4 Qc4 34. Rg4 Kh8 35. d5 Qb3 36. dxe6 Qxe6 37. Bh3 Qf6 38. Rf4 Qxh4 39. Rxh4 c5 40. Kg2 c4 41. Ne3 c3 42. Bf5 g6 43. Bc2 Kg7 44. g4 b5 45. g5 hxg5 46. Rb4 Nc6 47. Rb1 b4 48. Ba4 Nd4 49. Nc4 b3 50. Ne5 c2 51. Re1 b2 52. Bxc2 Nxc2 0-1

[Event "January 9 Late 2024"]
[Site "https://www.chess.com"]
[Date "2024.01.09"]
[Round "4"]
[White "Prieto Aranguren, Alain"]
[Black "Bressac, Stephane"]
[Result "1-0"]
[Board "140"]
[TimeControl "180+1"]
[WhiteFideId "2268906"]
[BlackFideId "655945"]
[WhiteElo "2377"]
[BlackElo "2621"]
[WhiteTeam "ESP"]
[BlackTeam "FRA"]
[WhiteClock "0:00:06"]
[BlackClock "0:00:01"]

1. d4 d6 2. Nf3 Nf6 3. c4 g6 4. Nc3 Bg7 5. e4 O-O 6. Be2 Nbd7 7. O-O e5 8. Re1 a6 9. Bf1 Re8 10. d5 a5 11. b3 Nc5 12. a3 Bd7 13. Bd2 a4 14. b4 Nb3 15. Rb1 Nd4 16. c5 Nh5 17. Bc4 Bg4 18. Be2 Nxe2+ 19. Qxe2 Nf4 20. Qe3 Bh6 21. Kh1 Nxg2 22. Qxh6 Bxf3 23. Kg1 Nxe1 24. Rxe1 Qd7 25. h3 f6 26. Re3 Bh5 27. Rg3 Qg7 28. Qe3 Rf8 29. cxd6 cxd6 30. Nb5 Rad8 31. Qb6 Qd7 32. Bh6 Rf7 33. Rc3 Be2 34. Nxd6 Re7 35. Nc8 Rxc8 36. Re3 Bb5 37. Qxf6 Rf7 38. Qxe5 Re8 39. Qd4 Rfe7 40. e5 b6 41. e6 Rxe6 42. Rf3 R6e7 43. Qf4 Ba6 44. Qf8+ Rxf8 45. Rxf8# 1-0

[Event "January 9 Late 2024"]
[Site "https://www.chess.com"]
[Date "2024.01.09"]
[Round "4"]
[White "Semenenko, Dmytry"]
[Black "Onufrienko, Vladislav"]
[Result "0-1"]
[Board "141"]
[TimeControl "180+1"]
[WhiteFideId "14118645"]
[BlackFideId "13804332"]
[WhiteElo "2370"]
[BlackElo "2608"]
[WhiteTeam "UKR"]
[BlackTeam "KGZ"]
[WhiteClock "0:00:12"]
[BlackClock "0:01:47"]

1. Nf3 d5 2. c4 c6 3. e3 e6 4. Nc3 f5 5. d4 Nf6 6. Ne5 Bd6 7. f4 O-O 8. Be2 b6 9. O-O Bb7 10. Qb3 Nbd7 11. Bd2 Qe7 12. Rae1 Kh8 13. Bd3 Ne4 14. Nxe4 dxe4 15. Bb1 c5 16. Qd1 cxd4 17. exd4 Nf6 18. a3 Rad8 19. b4 Bxe5 20. fxe5 Ng4 21. Bf4 g5 22. h3 gxf4 23. hxg4 f3 24. gxf5 exf5 25. Qd2 Rg8 26. Rf2 Qh4 27. d5 fxg2 28. Rxg2 Rxg2+ 29. Kxg2 Rg8+ 30. Kf1 Qh1+ 31. Ke2 Qf3# 0-1

[Event "January 9 Late 2024"]
[Site "https://www.chess.com"]
[Date "2024.01.09"]
[Round "4"]
[White "Carre, Sylvain"]
[Black "Hamitevici, Vladimir"]
[Result "1-0"]
[Board "142"]
[TimeControl "180+1"]
[WhiteFideId "642118"]
[BlackFideId "13902393"]
[WhiteElo "2359"]
[BlackElo "2600"]
[WhiteTeam "FRA"]
[BlackTeam "MDA"]
[WhiteClock "0:00:08"]
[BlackClock "0:00:00"]

1. d4 Nf6 2. Bf4 d6 3. e3 Nbd7 4. Nf3 h6 5. h3 g5 6. Bh2 c5 7. c3 Bg7 8. Nbd2 a6 9. Qb3 b5 10. a4 c4 11. Qc2 Bb7 12. b3 cxb3 13. Qxb3 Bd5 14. c4 bxc4 15. Bxc4 Rb8 16. Qa2 Nb6 17. a5 Nxc4 18. Nxc4 O-O 19. Qa4 Rb5 20. O-O Bxf3 21. gxf3 Nd5 22. Rfc1 Kh8 23. Nd2 f5 24. Rc6 Nb4 25. Rxa6 Rb7 26. Rb6 Rxb6 27. axb6 Qxb6 28. Rb1 Rb8 29. Nc4 Qb5 30. Qxb5 Rxb5 31. Na3 Ra5 32. Rxb4 Rxa3 33. Kg2 Bf6 34. Rb8+ 1-0

[Event "January 9 Late 2024"]
[Site "https://www.chess.com"]
[Date "2024.01.09"]
[Round "4"]
[White "Rodgers, Jack"]
[Black "Luukkonen, Tommi"]
[Result "0-1"]
[Board "143"]
[TimeControl "180+1"]
[WhiteFideId "3220885"]
[BlackFideId "501808"]
[WhiteElo "2592"]
[BlackElo "2358"]
[WhiteTeam "AUS"]
[BlackTeam "FIN"]
[WhiteClock "0:00:11"]
[BlackClock "0:01:00"]

1. d4 g6 2. e4 Bg7 3. c4 d6 4. Nc3 Nf6 5. h3 O-O 6. Be3 Nc6 7. g4 e5 8. d5 Nd4 9. Bg2 c6 10. Nge2 cxd5 11. cxd5 Nxe2 12. Qxe2 b5 13. a3 Ba6 14. b4 h5 15. f3 Nd7 16. gxh5 Qh4+ 17. Bf2 Qxh5 18. h4 f5 19. Bh3 Rac8 20. Rc1 Bh6 21. Rc2 Rc4 22. exf5 gxf5 23. Rg1+ Kh7 24. Kf1 Rfc8 25. Be1 Nf6 26. Qd3 Rf4 27. Ke2 e4 28. Nxe4 fxe4 29. Qb3 Rxc2+ 30. Qxc2 Qxf3+ 31. Kd2 Rxh4+ 0-1

[Event "January 9 Late 2024"]
[Site "https://www.chess.com"]
[Date "2024.01.09"]
[Round "4"]
[White "Golubev, Mikhail"]
[Black "Rosenberg, Evan S"]
[Result "1-0"]
[Board "144"]
[TimeControl "180+1"]
[WhiteFideId "14100983"]
[BlackFideId "2019299"]
[WhiteElo "2588"]
[BlackElo "2352"]
[WhiteTeam "UKR"]
[BlackTeam "USA"]
[WhiteClock "0:00:24"]
[BlackClock "0:00:33"]

1. Nf3 d5 2. g3 Nd7 3. Bg2 e5 4. O-O e4 5. Nd4 h5 6. h4 g5 7. d3 gxh4 8. dxe4 hxg3 9. fxg3 dxe4 10. Nc3 Ngf6 11. Bg5 Be7 12. Nf5 Bc5+ 13. e3 Rg8 14. Bh4 Rg6 15. Nxe4 Bb6 16. Qf3 Ne5 17. Qf4 Neg4 18. Rad1 Bd7 19. Nxf6+ Rxf6 20. Bxf6 Qxf6 21. Qe4+ Kd8 22. Qxb7 Rc8 23. Rxd7+ Kxd7 24. Rd1+ 1-0

[Event "January 9 Late 2024"]
[Site "https://www.chess.com"]
[Date "2024.01.09"]
[Round "4"]
[White "Ozdemir, Serhan Berat"]
[Black "Doluhanova, Evgeniya"]
[Result "1-0"]
[Board "145"]
[TimeControl "180+1"]
[WhiteFideId "6374611"]
[BlackFideId "14112035"]
[WhiteElo "2584"]
[BlackElo "2350"]
[WhiteTeam "TUR"]
[BlackTeam "UKR"]
[WhiteClock "0:01:26"]
[BlackClock "0:01:29"]

1. e4 c5 2. Nf3 d6 3. d4 cxd4 4. Nxd4 Nf6 5. Nc3 a6 6. Bg5 e6 7. f4 Nbd7 8. Qe2 b5 9. e5 dxe5 10. fxe5 h6 11. Bh4 Qb6 12. O-O-O b4 13. Na4 Qa5 14. exf6 Nxf6 15. Nc6 1-0

[Event "January 9 Late 2024"]
[Site "https://www.chess.com"]
[Date "2024.01.09"]
[Round "4"]
[White "Harriott, Tyrell"]
[Black "Uz, Kagan"]
[Result "1-0"]
[Board "146"]
[TimeControl "180+1"]
[WhiteFideId "2086484"]
[BlackFideId "30986680"]
[WhiteElo "2350"]
[BlackElo "2566"]
[WhiteTeam "USA"]
[BlackTeam "USA"]
[WhiteClock "0:00:11"]
[BlackClock "0:00:04"]

1. d4 e5 2. e3 b6 3. f4 exf4 4. exf4 Bb7 5. Nf3 Nf6 6. Bd3 Be7 7. O-O O-O 8. Nbd2 Nc6 9. c3 a5 10. Qe1 Ba6 11. Nc4 d5 12. Nce5 Bxd3 13. Nxd3 Ne4 14. Nde5 Nxe5 15. fxe5 f6 16. Bf4 fxe5 17. Nxe5 Bd6 18. Qe2 Qh4 19. g3 Qh3 20. Qb5 Nf6 21. Rae1 Kh8 22. c4 Bxe5 23. dxe5 Ng4 24. Re2 g5 25. Qxd5 gxf4 26. Rxf4 Rxf4 27. Qxa8+ Kg7 28. gxf4 Qd3 29. Qe4 Qd1+ 30. Re1 Qd2 31. Qe2 Qd4+ 32. Kg2 Qxf4 33. Kg1 h5 34. e6 Qd4+ 35. Kg2 Qd6 36. Kh1 Qc6+ 37. Qg2 Qe8 38. h3 Kh8 39. hxg4 hxg4 40. Qxg4 Qe7 41. Qh5+ Kg7 42. Qf7+ Qxf7 43. exf7 Kxf7 44. Kg2 Kf6 45. Kf3 Kf5 46. b3 Kf6 47. Kf4 Kf7 48. Kf5 Kf8 49. Kg6 c6 50. a4 c5 51. Re2 b5 52. Re1 b4 53. Re6 Kg8 54. Re8# 1-0